 Dungeon Crawl Stone Soup version 0.31-a0-233-g139696dc86 (webtiles) character file.

Game seed: 8864580272314713547

541 qw the Shooter (level 7, -3/43 HPs)
             Began as a Gargoyle Hexslinger on July 9, 2023.
             Was an Initiate of Okawaru.
             Slain by a gnoll
             ... wielding a +0 flail
             ... led by a gnoll bouda
              (4 damage)
             ... on level 5 of the Dungeon.
             The game lasted 00:01:30 (2659 turns).

qw the Shooter (Gargoyle Hexslinger)                Turns: 2659, Time: 00:01:30

Health: -3/43      AC: 18    Str: 11      XL:     7   Next: 26%
Magic:  8/8        EV: 15    Int: 12 (14) God:    Okawaru [......]
Gold:   159        SH:  0    Dex: 14      Spells: 7/8 levels left

rFire   . . .        l - +1 sling (elec)
rCold   + . .        (no shield)
rNeg    + . .        f - +2 ring mail {rC+}
rPois   inf          i - +0 helmet
rElec   +            (no cloak)
rCorr   .            a - +0 pair of gloves
SInv    .            (no boots)
Will    .....        (no amulet)
Stlth   +            o - +5 ring of evasion
HPRegen 0.27/turn    h - +4 ring of protection
MPRegen 0.11/turn

%: no passive effects
@: about to teleport
A: sickness immunity, AC +4, negative energy resistance 1, electricity
resistance, torment resistance 1, petrification resistance
a: Renounce Religion


You were on level 5 of the Dungeon.
You worshipped Okawaru.
Okawaru was noncommittal.
You visited 2 branches of the dungeon, and saw 6 of its levels.

You collected 201 gold pieces.
You spent 42 gold pieces at shops.


Innate Abilities, Weirdness & Mutations

You are immune to sickness and miasma.
Your stone body is resilient. (AC +4)
You are immune to poison.
You resist negative energy. (rN+)
You are resistant to electric shocks. (rElec)
You are resistant to unholy torment.
You are immune to petrification.


   Skills:
 - Level 4.0 Fighting
 + Level 6.5 Ranged Weapons
 - Level 1.7 Armour
 - Level 1.5 Dodging
 - Level 1.0 Spellcasting
 - Level 2.6 Hexes


You had 7 spell levels left.
You knew the following spells:

 Your Spells              Type           Power      Damage    Failure   Level
a - Slow                  Hex            28%        N/A       24%         1

Your spell library contained the following spells:

 Spells                   Type           Power      Damage    Failure   Level
 Inner Flame              Hex/Fire       3%         N/A       77%         3
 Portal Projectile        Hex/Tloc       6%         N/A       77%         3
 Cause Fear               Hex            3%         N/A       93%         4

Inventory:

Hand Weapons
 l - a +1 sling of electrocution (weapon)
Armour
 a - a +0 pair of gloves (worn)
 f - a +2 ring mail of cold resistance (worn)
 i - a +0 helmet (worn)
Jewellery
 h - a +4 ring of protection (right hand)
 j - a ring of fire
 o - a +5 ring of evasion (left hand)
Scrolls
 e - a scroll of identify
Potions
 c - a potion of mutation {unknown}
 d - a potion of curing {unknown}
 k - a potion of might
 p - a potion of attraction {unknown}

Dungeon Overview and Level Annotations

Branches:
Dungeon (5/15)             Temple (1/1) D:4

Altars:
Cheibriados
Dithmenos
Elyvilon
Gozag
Kikubaaqudgha
Makhleb
Nemelex Xobeh
Okawaru
Qazlal
Sif Muna
Uskayaw
Vehumet
Wu Jian
Xom
The Shining One

Shops:
D:1 [


Message History

The kobold closely misses you. The gnoll misses you.
You feel your strength returning.
You shoot a sling bullet.
The sling bullet hits the scorpion but does no damage.
The gnoll is no longer moving quickly.
The scorpion stings you. The gnoll misses you. The kobold barely misses you.
The gnoll hits you with a +0 whip.
An orc comes into view. It is wielding a +0 whip.
A gnoll comes into view. It is wielding a +0 club.
The gnoll barely misses you. The scorpion barely misses you.
The gnoll closely misses you.
You shoot a sling bullet. The sling bullet hits the scorpion.
The scorpion is lightly wounded.
The gnoll is no longer moving quickly.
A gnoll comes into view. It is wielding a +0 halberd.
The kobold barely misses you. The gnoll hits you with a +0 whip.
The scorpion stings you but does no damage.
The gnoll hits you with a +0 flail. The gnoll misses you.
You shoot a sling bullet.
The sling bullet barely misses the scorpion.
The gnoll is no longer moving quickly. x4
The gnoll bouda barks out a call to the hunt!
The gnolls pick up the pace!
The scorpion stings you but does no damage.
The kobold misses you.
The gnoll hits you but does no damage. x2
The gnoll hits you from afar with a +0 spear.
The scorpion stings you. The kobold barely misses you.
You hear a shout!
2658 ||| READING scroll of teleportation.
As you read the scroll of teleportation, it crumbles to dust.
You feel strangely unstable. The gnoll hits you with a +0 flail.
The scorpion stings you but does no damage.
The gnoll completely misses you. The kobold hits you but does no damage.
The gnoll hits you but does no damage.
You shoot a sling bullet.
The sling bullet closely misses the scorpion.
Your attacks no longer feel as feeble.
The gnoll is no longer moving quickly. x3; The gnoll hits you with a +0 flail.
You die...

......................
.......................)
.....................>.#
........................
.................o..)..#
#............)gg.og.)..#
..............ggggg....#
.<...........ogg#Kgl....
...........####s@g# #
...........###..###
.<.............##
#.........>.####
##..)...##### #...####
#.### #.# #.


You could see a scorpion, an iguana, 11 gnolls, 3 orcs and a kobold.

Vanquished Creatures
  A phantom (D:4)
  A kobold brigand (D:5)
  4 hounds
  A sleepcap (D:3)
  An orc wizard (D:3)
  Natasha (thrice) (D:2)
  Robin (D:4)
  A gnoll (D:5)
  3 adders
  A shadow imp (D:4)
  A worm (D:2)
  7 orcs
  9 endoplasms
  3 giant cockroaches
  13 goblins
  4 hobgoblins
  4 jackals (D:1)
  10 kobolds
  5 quokkas
  5 ball pythons
  6 bats
  2 frilled lizards
  5 rats
91 creatures vanquished.

Notes
Turn   | Place    | Note
-------+----------+-------------------------------------------
     0 | D:1      | qw the Gargoyle Hexslinger began the quest for the Orb.
     0 | D:1      | Reached XP level 1. HP: 12/12 MP: 2/2
     0 | D:1      | 0 ||| qw: Version: 0.3-a-51-g015441d
     0 | D:1      | 0 ||| qw: Game counter: 3932
     0 | D:1      | 0 ||| qw: Melee chars always use a shield: true
     0 | D:1      | 0 ||| qw: God list: Okawaru
     0 | D:1      | 0 ||| qw: Allow faded altars: false
     0 | D:1      | 0 ||| qw: Do Orc after clearing Dungeon:15 true
     0 | D:1      | 0 ||| qw: Do second Lair branch before Depths: true
     0 | D:1      | 0 ||| qw: Lair rune preference: random
     0 | D:1      | 0 ||| qw: Goals: Normal
     0 | D:1      | 0 ||| PLANNING D:1-11
   159 | D:1      | Reached XP level 2. HP: 16/16 MP: 3/3
   197 | D:1      | Reached skill level 3 in Ranged Weapons
   378 | D:1      | Reached XP level 3. HP: 21/21 MP: 4/4
   471 | D:1      | Found Aleir's Antique Armour Shop.
   474 | D:1      | 474 ||| SHOPLISTING helmet (94 gold, have 74).
   474 | D:1      | 474 ||| BUYING leather armour (42 gold).
   474 | D:1      | Bought a leather armour for 42 gold pieces
   474 | D:1      | 474 ||| SHOPLISTING pair of boots (94 gold, have 32).
   474 | D:1      | 474 ||| SHOPLISTING ring mail (84 gold, have 32).
   588 | D:1      | Found a faded altar of an unknown god.
   641 | D:1      | 641 ||| UPGRADING to +0 leather armour.
   651 | D:1      | 651 ||| DROPPING +0 robe.
   652 | D:1      | 652 ||| UPGRADING to ring of resist corrosion.
   653 | D:1      | 653 ||| READING scroll labelled PIQIETIBRE.
   654 | D:1      | 654 ||| DROPPING scroll of poison.
   704 | D:2      | Noticed Natasha
   710 | D:2      | Killed Natasha
   711 | D:2      | Reached XP level 4. HP: 26/26 MP: 5/5
   727 | D:2      | Noticed Natasha
   735 | D:2      | Killed Natasha
   736 | D:2      | Reached skill level 4 in Ranged Weapons
   878 | D:2      | Noticed Natasha
   885 | D:2      | Killed Natasha
   944 | D:2      | Reached XP level 5. HP: 27/30 MP: 6/6
  1089 | D:2      | Reached skill level 5 in Ranged Weapons
  1169 | D:2      | 1169 ||| UPGRADING to +0 ring mail.
  1179 | D:2      | 1179 ||| DROPPING +0 leather armour.
  1180 | D:2      | 1180 ||| DROPPING +6 ring of intelligence.
  1181 | D:2      | 1181 ||| READING scroll labelled MAUTHR SAWOS.
  1282 | D:2      | 1282 ||| READING 3 scrolls labelled ZEUCUC NUATITA.
  1285 | D:2      | 1285 ||| READING scroll labelled FOACAS ICRA.
  1362 | D:3      | HP: 7/30 [quokka (4)]
  1363 | D:3      | 1363 ||| READING 2 scrolls of teleportation.
  1365 | D:3      | 1365 ||| FLEEEEING.
  1366 | D:3      | 1366 ||| FLEEEEING.
  1367 | D:3      | 1367 ||| FLEEEEING.
  1379 | D:3      | HP: 6/30 [something/puff of flame (4)]
  1383 | D:3      | HP: 1/30 [something (3)]
  1386 | D:3      | Reached skill level 1 in Armour
  1678 | D:3      | Found an ornate altar of the Wu Jian Council.
  1683 | D:3      | Found a snail-covered altar of Cheibriados.
  1740 | D:3      | 1740 ||| UPGRADING to +0 pair of gloves.
  1745 | D:3      | 1745 ||| UPGRADING to +2 ring mail of cold resistance.
  1755 | D:3      | 1755 ||| DROPPING +0 ring mail.
  1756 | D:3      | 1756 ||| UPGRADING to +4 ring of protection.
  1757 | D:3      | 1757 ||| UPGRADING to ring of see invisible.
  1759 | D:3      | 1759 ||| READING 2 scrolls labelled FUURGH COUDAG.
  1760 | D:3      | 1760 ||| DRINKING 3 fizzy ruby potions.
  1761 | D:3      | 1761 ||| DROPPING 2 potions of degeneration.
  1783 | D:4      | 1783 ||| STAIRDANCE
  1789 | D:4      | 1789 ||| STAIRDANCE
  1811 | D:4      | Noticed a phantom
  1829 | D:4      | Killed a phantom
  1830 | D:4      | Reached skill level 3 in Fighting
  1830 | D:4      | Reached XP level 6. HP: 38/38 MP: 7/7
  1951 | D:4      | Noticed Robin
  1952 | D:4      | 1952 ||| Stepping ~*~*~tactically~*~*~ (outnumbered).
  1967 | D:4      | Killed Robin
  2055 | D:4      | 2055 ||| SWAPPING to +1 sling of electrocution.
  2056 | D:4      | 2056 ||| DROPPING +2 sling.
  2081 | D:4      | Found a staircase to the Ecumenical Temple.
  2082 | D:4      | 2082 ||| PLANNING TEMPLE
  2082 | D:4      | 2082 ||| UPGRADING to +0 helmet.
  2087 | D:4      | 2087 ||| READING scroll labelled HOUTEO AXZECW.
  2097 | Temple   | Entered the Ecumenical Temple
  2135 | Temple   | 2135 ||| PLANNING OKAWARU WORSHIP
  2152 | Temple   | Became a worshipper of Warmaster Okawaru
  2153 | Temple   | 2153 ||| PLANNING D:1-11
  2313 | D:4      | Found a radiant altar of Vehumet.
  2313 | D:4      | Found an ancient bone altar of Kikubaaqudgha.
  2315 | D:4      | Found a shimmering blue altar of Sif Muna.
  2571 | D:4      | 2571 ||| DROPPING ring of willpower.
  2572 | D:4      | 2572 ||| DROPPING ring of resist corrosion.
  2573 | D:4      | 2573 ||| DROPPING ring of positive energy.
  2574 | D:4      | 2574 ||| UPGRADING to +5 ring of evasion.
  2576 | D:4      | 2576 ||| DROPPING ring of see invisible.
  2602 | D:5      | Entered Level 5 of the Dungeon
  2650 | D:5      | Reached skill level 6 in Ranged Weapons
  2650 | D:5      | Reached XP level 7. HP: 25/42 MP: 8/8
  2657 | D:5      | HP: 8/43 [gnoll/+0 spear[a gnoll bouda] (6)]
  2658 | D:5      | 2658 ||| READING scroll of teleportation.
  2658 | D:5      | HP: 1/43 [gnoll/+0 flail[a gnoll bouda] (5)]
  2659 | D:5      | Slain by a gnoll

Levels and vault maps discovered:
D:1:      mrwooster_arrival_statue_3, layout_loops_ring, basic_ecumenical_altar,
          serial_shops, nicolae_shop_real_fake_doors
D:2:      layout_rooms, due_unseen_surprise, uniq_natasha
D:3:      layout_basic, grunt_temple_overflow_open
D:4:      layout_gridville, grunt_temple_overflow_magic_moments,
          minmay_temple_entry_purple_smoke, uniq_robin
D:5:      layout_rooms, ashenzari_altar_1, old_standard_altar,
          uniq_prince_ribbit1
Temple:   cyrus_temple_forest

Skill      XL: |  1  2  3  4  5  6  7 |
---------------+----------------------+-----
Ranged Weapons | 3 4 5 6 |  6.5
Fighting       | 2 3 4 |  4.0
Armour         | 1 |  1.7
Dodging        | |  1.5
Spellcasting   | |  1.0
Hexes          | |  2.6

Action                     |  1- 3 |  4- 6 |  7- 9 || total
---------------------------+-------+-------+-------++-------
   Fire: Sling             |    81 |   239 |     9 ||   329
    Use: Scroll            |     1 |     6 |     1 ||     8
         Potion            |       |     1 |       ||     1
 Armour: Robe              |     9 |       |       ||     9
         Leather armour    |     3 |    11 |       ||    14
         Ring mail         |       |   113 |    13 ||   126
  Dodge: Dodged            |    14 |   137 |    27 ||   178

Table legend:
 A = Non-vault XP
 B = Vault XP
 C = Vault XP percentage of total XP
 D = Non-vault monster count
 E = Vault monster count
 F = Vault count percentage of total count
                 A         B        C        D         E       F
            +---------+---------+-------+---------+---------+-------
      Total |     707 |      67 |   8.7 |      79 |      12 |  13.2
            +---------+---------+-------+---------+---------+-------
        D:1 |      46 |       0 |   0.0 |      27 |       0 |   0.0
        D:2 |     116 |      33 |  22.1 |      14 |       1 |   6.7
        D:3 |      98 |       0 |   0.0 |      15 |       0 |   0.0
        D:4 |     239 |      34 |  12.5 |      15 |      11 |  42.3
        D:5 |     208 |       0 |   0.0 |       8 |       0 |   0.0
            +---------+---------+-------+---------+---------+-------
